 Dungeon Crawl Stone Soup version 0.16.1-4-g8e1b745 (webtiles) character file.

226 siprus the Sneak (level 5, 17/25 HPs)
             Began as a Spriggan Enchanter on Mar 28, 2015.
             Quit the game on level 4 of the Dungeon.
             The game lasted 00:12:08 (2320 turns).

siprus the Sneak (Spriggan Enchanter)               Turns: 2320, Time: 00:12:08

Health: 17/25      AC:  5    Str:  4    XL:     5   Next: 69%
Magic:  2/14       EV: 20    Int: 17    God:
Gold:   225        SH:  0    Dex: 17    Spells: 4 memorised, 3 levels left

rFire  . . .     SeeInvis +     a - +1 dagger
rCold  . . .     Clarity  +     b - +1 robe
rNeg   . . .     SustAb   .     (shield restricted)
rPois  .         Gourm    .     (helmet restricted)
rElec  .         Spirit   .     A - +0 cloak
rCorr  .         Warding  .     (gloves unavailable)
rMut   .         Stasis   .     (boots unavailable)
MR     .....                    y - amulet of regeneration
Stlth  +++.......               (no ring)
                                q - +3 ring of slaying

@: very quick, not resistant to hostile enchantments, fairly stealthy
A: unfitting armour, see invisible, clarity, herbivore 3, speed 3, low mp 2,
shaggy fur 1, slow metabolism 2
a: no special abilities


You were on level 4 of the Dungeon.
You were very hungry.

You visited 1 branch of the dungeon, and saw 4 of its levels.

You collected 225 gold pieces.

Inventory:

Hand weapons
 a - a +1 dagger (weapon)
Armour
 b - a +1 robe (worn)
 A - a +0 cloak (worn)
Jewellery
 q - a +3 ring of slaying (left hand)
 y - an amulet of regeneration (around neck)
 z - an uncursed amulet of stasis
Magical devices
 t - a wand of cold (0)
Scrolls
 f - a scroll of enchant weapon {unknown}
 g - a scroll of noise {unknown}
 h - a scroll of amnesia {unknown}
 i - a scroll of teleportation {unknown}
 m - a scroll of blinking {unknown}
 u - 2 scrolls of identify
 v - a scroll of recharging {unknown}
 w - a scroll of remove curse {unknown}
Potions
 j - a potion of lignification {unknown}
 k - a potion of restore abilities {unknown}
 l - a potion of invisibility {unknown}
 n - a potion of brilliance {unknown}
 o - a potion of heal wounds {unknown}
 p - a potion of degeneration {unknown}
 s - a potion of curing
 x - a potion of beneficial mutation {unknown}
Books
 c - a book of Maledictions

   Spells                             Type                      Level
   a - Corona                         Hexes                        1
   b - Sure Blade                     Hexes/Charms                 2
   c - Ensorcelled Hibernation        Hexes/Ice                    2
   d - Confuse                        Hexes                        3
   e - Dazzling Spray                 Conjuration/Hexes            3
   f - Enslavement                    Hexes                        4
Comestibles
 d - a bread ration
 r - 2 fruits


   Skills:
 + Level 1.4 Fighting
 + Level 2.5 Short Blades
 + Level 4.4 Dodging
 + Level 5.3 Stealth
 * Level 4.2 Spellcasting
 * Level 4.6 Hexes


You had 3 spell levels left.
You knew the following spells:

 Your Spells              Type           Power        Failure   Level  Hunger
a - Corona                Hex            ###....      2%          1    None
b - Ensorcelled Hibernat  Hex/Ice        ##....       12%         2    ##.....
c - Confuse               Hex            ###.....     10%         3    ###....
d - Dazzling Spray        Conj/Hex       ##......     21%         3    ###....


Dungeon Overview and Level Annotations

Branches:
Dungeon (4/15)
 Temple: D:4-7

Altars:
Dithmenos
Makhleb
Nemelex Xobeh
Ru

Annotations:
D:4 Prince Ribbit


Innate Abilities, Weirdness & Mutations

You are tiny and cannot use many weapons and most armour.
You have supernaturally acute eyesight.
You are a herbivore.
You cover ground extremely quickly.
You need consume almost no food.
You possess an exceptional clarity of mind.
Your magical capacity is very low (-20% MP).
You are covered in fur (AC +1).


Message History

Prince Ribbit hits you!
You miss Prince Ribbit.
Prince Ribbit is severely wounded.
Prince Ribbit mumbles some strange words.
Prince Ribbit looks slightly unstable.
Prince Ribbit closely misses you.
Evoke which item? (* to show all) (? for menu, Esc to quit)
Zapping:
t - a wand of cold (1)
Press: ? - help, Shift-Dir - straight line, f/p - Prince Ribbit
Aim: Prince Ribbit (severely wounded)
The bolt of cold misses Prince Ribbit.
This wand has 0 charges left.
Prince Ribbit hits you!
* * * LOW HITPOINT WARNING * * *
Prince Ribbit disappears!
It was a potion of mutation.
You feel extremely strange.
You feel stronger.
You feel less energetic.
You feel weaker.
It was a potion of curing.
You feel better.
You feel extremely strange.
You feel less energetic.
Your thoughts seem clearer.
Fur sprouts all over your body.
Are you sure you want to abandon this character and quit the game? (Confirm with "yes".)

.. ####.....
..###.......#
............# ####
....#.......########..##
.................##....##
........................#
#.#..............<....##
##.....................#
..........(.....@..#..##
####......###.###..####
...##.....# #.# #..#
..........###+###..#
..........###_'.†..#
...#####..###'###..# ####
#..# #.# #..#
#..###.###..#
##..........#


There were no monsters in sight!

Vanquished Creatures
  The ghost of inmateoo the Skirmisher, an average VSFi (D:3)
  Crazy Yiuf (D:3)
  5 adders
  2 worms (D:3)
  A giant gecko (D:1)
  An ooze (D:3)
  An orc (D:3)
  9 bats
  2 giant cockroaches (D:1)
  9 hobgoblins
  3 quokkas
  A giant gecko skeleton (D:4)
  A giant newt (D:3)
  7 goblins
  12 jackals
  5 kobolds
  A quokka skeleton (D:3)
  9 rats
71 creatures vanquished.

Notes
Turn   | Place    | Note
--------------------------------------------------------------
     0 | D:1      | siprus, the Spriggan Enchanter, began the quest for the Orb.
     0 | D:1      | Reached XP level 1. HP: 9/9 MP: 4/4
   197 | D:1      | Reached XP level 2. HP: 8/13 MP: 8/8
   215 | D:1      | Learned a level 2 spell: Ensorcelled Hibernation
   653 | D:2      | Reached XP level 3. HP: 14/16 MP: 8/11
  1115 | D:2      | Learned a level 3 spell: Confuse
  1136 | D:3      | Noticed inmateoo's ghost (average VSFi)
  1202 | D:3      | Killed inmateoo's ghost
  1202 | D:3      | Reached skill level 1 in Fighting
  1202 | D:3      | Reached skill level 5 in Stealth
  1202 | D:3      | Reached XP level 4. HP: 6/22 MP: 10/14
  1428 | D:3      | Reached XP level 5. HP: 22/25 MP: 17/17
  1720 | D:3      | Found a sparkling altar of Nemelex Xobeh.
  1752 | D:3      | Found a shadowy altar of Dithmenos.
  1752 | D:3      | Found a sacrificial altar of Ru.
  2103 | D:3      | Learned a level 3 spell: Dazzling Spray
  2105 | D:3      | Noticed Crazy Yiuf
  2109 | D:3      | Killed Crazy Yiuf
  2156 | D:4      | Noticed Prince Ribbit
  2187 | D:4      | Found a burning altar of Makhleb.
  2317 | D:4      | Gained mutation: Your muscles are strong. (Str +2) [potion of mutation]
  2317 | D:4      | Gained mutation: Your magical capacity is low (-10% MP). [potion of mutation]
  2317 | D:4      | Lost mutation: Your muscles are strong. (Str +2) [potion of mutation]
  2319 | D:4      | Gained mutation: Your magical capacity is very low (-20% MP). [potion of mutation]
  2319 | D:4      | Gained mutation: You possess an exceptional clarity of mind. [potion of mutation]
  2319 | D:4      | Gained mutation: You are covered in fur (AC +1). [potion of mutation]
  2320 | D:4      | Quit the game

Action                   |  1- 3 |  4- 6 || total
-------------------------+-------+-------++-------
Melee: Dagger            |   114 |    66 ||   180
 Cast: Ensorcelled Hiber |    17 |    17 ||    34
       Confuse           |     1 |     4 ||     5
Evoke: Wand              |       |     4 ||     4
  Use: Potion            |       |     3 ||     3
       Scroll            |       |     1 ||     1
 Stab: Sleeping          |    13 |    21 ||    34
       Confused          |     2 |       ||     2
